 Dungeon Crawl Stone Soup version 0.21-a0-19-g210df22 (webtiles) character file.

153 tof the Poker (level 5, -8/33 HPs)
             Began as a Tengu Monk on May 24, 2017.
             Was a Believer of Wu Jian.
             Mangled by a gnoll
             ... wielding a +0 spear
              (9 damage)
             ... on level 3 of the Dungeon.
             The game lasted 00:06:19 (2623 turns).

tof the Poker (Tengu Monk)                          Turns: 2623, Time: 00:06:20

Health: -8/33      AC:  2    Str: 12    XL:     5   Next: 35%
Magic:  15/15      EV: 14    Int: 10    God:    Wu Jian [**....]
Gold:   124        SH:  0    Dex: 17    Spells: 4/4 levels left

rFire    . . .     SeeInvis .   a - +0 spear
rCold    . . .     Gourm    .   (no shield)
rNeg     . . .     Faith    .   b - +0 robe
rPois    .         Spirit   .   (helmet restricted)
rElec    .         Reflect  .   (no cloak)
rCorr    .         Harm     .   (no gloves)
MR       .....                  (boots unavailable)
Stlth    ++........             (no amulet)
Regen    0.2/turn               p - ring of magical power
MPRegen  0.2/turn               (no ring)

@: no status effects
A: beak, talons 3, able to fly 1
a: Fly, Renounce Religion


You were on level 3 of the Dungeon.
You worshipped Wu Jian.
Wu Jian was pleased with you.
You were hungry.

You visited 1 branch of the dungeon, and saw 4 of its levels.

You collected 124 gold pieces.

Inventory:

Hand Weapons
 a - a +0 spear (weapon)
Armour
 b - a +0 robe (worn)
 m - a +0 pair of boots
Jewellery
 p - a ring of magical power (left hand)
Scrolls
 d - a scroll of random uselessness {unknown}
 f - 5 scrolls of immolation {unknown}
 g - 2 scrolls of identify {unknown}
 j - a scroll of enchant weapon {unknown}
 n - a scroll of fear {unknown}
 q - a scroll of remove curse {unknown}
 r - a scroll of amnesia {unknown}
Potions
 e - a potion of brilliance {unknown}
 h - 2 potions of curing {unknown}
 k - a potion of flight {unknown}
 l - 2 potions of mutation {unknown}
Comestibles
 c - 2 bread rations
 i - 3 meat rations
 o - 2 chunks of flesh


   Skills:
 + Level 3.7 Fighting
 * Level 4.3 Polearms
 + Level 2.1 Armour
 + Level 3.9 Dodging
 + Level 2.9 Stealth


You had 4 spell levels left.
You didn't know any spells.

Dungeon Overview and Level Annotations

Branches:
Dungeon (4/15)
 Temple: D:4-7

Altars:
Okawaru
Wu Jian


Innate Abilities, Weirdness & Mutations

You have a beak for a mouth.
You have claws for feet.
You can fly.


Message History

The leopard gecko bites you but does no damage.
The gnoll hits you but does no damage.
You spin and attack the leopard gecko.
You hit the leopard gecko.
You kill the leopard gecko!
The Council accepts your kill.
A gnoll comes into view. It is wielding a club.
A gnoll comes into view. It is wielding a whip of venom.
The gnoll shouts!
The gnoll moves out of view.
There is a stone staircase leading up here.
You climb upwards.
The gnoll closely misses you.
The gnoll hits you from afar with a halberd.
* * * LOW HITPOINT WARNING * * *
The gnoll hits you but does no damage. The gnoll barely misses you.
There is a stone staircase leading down here.
You spin and attack the gnoll.
You hit the gnoll. Your kick misses the gnoll. Your peck misses the gnoll.
The gnoll is moderately wounded.
The gnoll hits you from afar with a spear!
You die...

####### #........
#.....#########.##.##..
#................).##.#
#.#......####.........#
#..#.....# #.#.###.#..
#.###g.### #.#.###...#
#..#.#g# ###.#.......#
#.#.##># #.....####.##
#....g@# #.....# #.#
#......# #.....# #.#
#.#.##.# #.....# .#
#.#.##.# #.....#
#.#.##.# ########
#.#.##.##b..
#......†#.# #.###..#..#
#.###....#


You could see 3 gnolls.

Vanquished Creatures
  Terence (D:2)
  5 adders
  An ooze (D:1)
  3 worms
  2 leopard geckos
  An orc (D:3)
  5 giant cockroaches
  5 goblins
  9 hobgoblins
  14 jackals
  7 kobolds
  A ball python (D:3)
  3 bats
  A frilled lizard (D:3)
  6 rats
64 creatures vanquished.

Notes
Turn   | Place    | Note
-------+----------+-------------------------------------------
     0 | D:1      | tof the Tengu Monk began the quest for the Orb.
     0 | D:1      | Reached XP level 1. HP: 14/14 MP: 2/2
    87 | D:1      | Reached XP level 2. HP: 15/19 MP: 3/3
   407 | D:1      | Reached XP level 3. HP: 23/23 MP: 4/4
   873 | D:2      | Reached skill level 1 in Armour
  1145 | D:2      | Reached XP level 4. HP: 20/28 MP: 5/5
  1266 | D:2      | Noticed Terence
  1288 | D:2      | Killed Terence
  1288 | D:2      | Reached skill level 4 in Polearms
  2092 | D:3      | Gained mutation: You can fly. [Tengu growth]
  2092 | D:3      | Reached XP level 5. HP: 32/32 MP: 6/6
  2373 | D:3      | Found an ornate altar of the Wu Jian Council.
  2377 | D:3      | Became a worshipper of the Wu Jian Council
  2377 | D:3      | Reached * piety under Wu Jian
  2377 | D:3      | Reached ** piety under Wu Jian
  2381 | D:3      | Found an iron altar of Okawaru.
  2622 | D:3      | HP: 1/33 [gnoll/halberd (6)]
  2623 | D:3      | Mangled by a gnoll

Vault maps used:
D:1:      lightli_arrival_flooded_house, minmay_crystal_water,
          minmay_stone_trees_medium
D:2:      uniq_terence
D:3:      nicolae_ru_the_path_less_chosen, lemuel_crystal_altar, minitemple
D:4:      temple_green, uniq_blork_the_orc, uniq_robin, uniq_ijyb

Skill      XL: |  1  2  3  4  5 |
---------------+----------------+-----
Armour         | 1 2 |  2.1
Polearms       | 4 |  4.3
Fighting       | |  3.7
Dodging        | |  3.9
Stealth        | |  2.9

Action                   |  1- 3 |  4- 6 || total
-------------------------+-------+-------++-------
Melee: Spear             |    89 |   134 ||   223
       Kick              |    15 |    43 ||    58
       Peck              |    13 |    27 ||    40
 Stab: Sleeping          |     3 |     4 ||     7
       Distracted        |     1 |     1 ||     2
  Eat: Chunk             |       |     5 ||     5
Armor: Robe              |    11 |    16 ||    27
Dodge: Dodged            |    43 |    82 ||   125
